AoeStats
← BigJ

MegaRandom

509241500Analyzed
2v2 RM · 5d ago on Sep 26, 2026· 69m 57s· 4 players
Game mode
Random Map
Map size
Medium (4 player)
Population
200
Speed
Normal
Resources
Standard
Victory
Conquest
Starting age
Dark Age
Ending age
Imperial Age
RankedLock teamsTeams togetherTeam positionsShared explorationLock speedFull tech treeHidden civsTurbo modeCheats
Victory
Defeat
🇺🇸 Saxons · United States
954
+12
🇺🇸 Vikings · United States
740
+20
🇺🇸 Burgundians · United States
848
-16
🇺🇸 Franks · United States
843
-16
TheBoss2333
9:08 Loom
12:18 Feudal Age
13:13 Double-Bit Axe
17:22 Gold Mining
18:05 Horse Collar
19:56 Scale Mail Armor
21:22 Forging
21:49 Heavy Plow
29:53 Castle Age
29:58 Elite Skirmisher
36:31 Imperial Age
35:28 Iron Casting
34:45 Fletching
34:55 Padded Archer Armor
36:14 Chain Mail Armor
36:55 Gold Shaft Mining
36:14 Stone Mining
39:37 Scale Barding Armor
40:33 Blast Furnace
41:01 Chain Barding Armor
43:08 Stone Shaft Mining
43:56 Plate Barding Armor
44:40 Bodkin Arrow
45:02 Leather Archer Armor
46:01 Bracer
49:54 Masonry
49:41 Elite Coustillier
54:17 Bow Saw
56:07 Chemistry
55:42 Architecture
55:10 Arrowslits
BigJ
11:18 Feudal Age
12:10 Double-Bit Axe
12:51 Loom
18:21 Castle Age
44:37 Imperial Age
44:39 Cavalier
45:29 Scale Barding Armor
45:34 Forging
45:03 Heavy Scorpion
51:28 Paladin
52:35 Chain Barding Armor
52:51 Iron Casting
64:03 Light Cavalry
Big2Tuna
0:30 Loom
11:53 Feudal Age
12:48 Horse Collar
13:03 Double-Bit Axe
17:32 Gold Mining
21:25 Castle Age
20:51 Fletching
21:02 Padded Archer Armor
21:13 Forging
21:05 Scale Mail Armor
22:49 Pikeman
26:50 Iron Casting
29:23 Chain Mail Armor
31:38 Stone Mining
32:25 Gold Shaft Mining
32:36 Heavy Plow
37:54 Imperial Age
35:30 Arson
35:48 Squires
37:06 Bow Saw
37:37 Treadmill Crane
38:08 Fortified Wall
40:13 Blast Furnace
39:46 Conscription
39:15 Elite Berserk
41:04 Plate Mail Armor
41:08 Chieftains
42:19 Crop Rotation
42:15 Leather Archer Armor
42:26 Capped Ram
43:13 Caravan
42:50 Crossbowman
43:31 Bodkin Arrow
45:01 Bracer
44:44 Arbalester
49:45 Ring Archer Armor
49:26 Bogsveigar
49:01 Siege Ram
52:25 Two-Man Saw
52:36 Chemistry
52:44 Murder Holes
Sanguinius7193
0:38 Loom
2:13 Loom
11:05 Feudal Age
16:09 Castle Age
14:23 Horse Collar
14:32 Double-Bit Axe
19:28 Fletching
21:22 Wheelbarrow
21:31 Wheelbarrow
21:57 Bodkin Arrow
23:54 Guard Tower
26:05 Ballistics
26:55 Gold Mining
29:09 Padded Archer Armor
29:10 Murder Holes
30:38 Thumb Ring
34:32 Leather Archer Armor
36:54 Imperial Age
35:31 Hand Cart
37:28 Heavy Mounted Crossbowman
39:31 Heavy Plow
39:45 Bow Saw
41:02 Conscription
42:10 Chemistry
41:19 Bracer
42:27 Cranequins
44:20 Husbandry
44:31 Bloodlines
44:56 Ring Archer Armor
45:18 Shield Wall
47:18 Herbal Medicine
48:27 Keep
47:42 Arrowslits
48:11 Masonry
48:53 Onager
50:11 Caravan
51:38 Town Watch
52:29 Architecture
52:11 Fortified Wall
53:41 Stone Mining
60:17 Light Cavalry
61:09 Scale Barding Armor
61:15 Forging
61:49 Hussar
63:48 Chain Barding Armor
64:05 Iron Casting
69:11 Scale Mail Armor
68:36 Elite Hearth Troop
Connection lost

Rejoining the realm…

Still unreachable

The connection could not be restored.

Session expired

The server has moved on; the page needs a fresh start.